 Dungeon Crawl Stone Soup version 0.32-a0-534-ga61f84b8bd (webtiles) character file.

Game seed: 2436565335906153729

128053 GordonOverkill the Severer (level 17, -1/138 HPs)
             Began as a Coglin Delver on Feb 28, 2024.
             Was a High Priest of Trog.
             Killed from afar by an ogre mage (6 damage)
             ... with a bolt of magma
             ... while paralysed by an ogre mage
             ... on level 2 of the Orcish Mines.
             The game lasted 00:42:04 (28650 turns).

GordonOverkill the Severer (Coglin Delver)         Turns: 28650, Time: 00:42:04

Health: -1/138     AC: 21    Str: 19    XL:     17   Next: 2%
Magic:  0/17       EV:  2    Int: 11    God:    Trog [*****.]
Gold:   850        SH:  0    Dex: 16    Spells: 16/16 levels left

rFire   + . .        L - +4 broad axe (freeze) {Yejun}
rCold   + . .        G - +9 broad axe (venom) {Aahotepre}
rNeg    . . .        e - +1 plate armour {Will+}
rPois   .            q - +2 helmet
rElec   .            m - +0 cloak
rCorr   .            O - +0 pair of gloves
SInv    .            (no boots)
Will    ++...        N - amulet of guardian spirit Stlth
                     (ring unavailable)
HPRegen 0.43/turn    (ring unavailable)
MPRegen 0.15/turn

%: guardian spirit
@: paralysed, on berserk cooldown, slowed, revving
A: cold resistance 1, fire resistance 1, off-hand wielding, slow wielding,
warmup strikes, no rings
a: Renounce Religion, Berserk, Trog's Hand, Brothers in Arms


You were on level 2 of the Orcish Mines.
You worshipped Trog.
Trog was extremely pleased with you.
You visited 4 branches of the dungeon, and saw 23 of its levels.
You also visited: Ossuary, Bailey and Ice Cave.

You collected 2506 gold pieces.
You spent 1656 gold pieces at shops.

Inventory:

Hand Weapons
 G - a +9 broad axe of venom (offhand) {Aahotepre}
 L - a +4 broad axe of freezing (weapon) {Yejun}
Missiles
 r - a throwing net
 s - 21 boomerangs (quivered)
 J - 3 curare-tipped darts
Armour
 e - a +1 plate armour of willpower (worn)
 m - a +0 cloak (worn)
 q - a +2 helmet (worn)
 E - +2 storm dragon scales
 O - a +0 pair of gloves (worn)
Jewellery
 N - an amulet of guardian spirit (around neck)
Wands
 g - a wand of digging (8)
 t - a wand of flame (76)
 u - a wand of light (4)
 M - a wand of charming (9)
Scrolls
 a - a scroll of fear
 c - 5 scrolls of fog
 d - 3 scrolls of revelation
 k - 7 scrolls of vulnerability
 l - 16 scrolls of teleportation
 n - 4 scrolls of blinking
 p - 23 scrolls of identify
 v - 7 scrolls of enchant armour
 x - 3 scrolls of silence
 y - 2 scrolls of brand weapon
 A - 8 scrolls of poison
 C - 2 scrolls of torment
 K - 6 scrolls of immolation
Potions
 b - 5 potions of attraction
 f - 6 potions of haste
 h - 15 potions of curing
 i - 6 potions of enlightenment
 j - a potion of heal wounds
 o - 3 potions of berserk rage
 w - 4 potions of cancellation
 z - 2 potions of mutation
 B - 2 potions of ambrosia
 D - 4 potions of magic
 F - 4 potions of resistance
Miscellaneous
 H - a phial of floods
 I - a lightning rod (4/4)


   Skills:
 + Level 13.8 Fighting
 - Level 20.0 Axes
 - Level 14.0 Throwing
 - Level 10.0 Armour
 - Level 6.0 Dodging
 - Level 4.1 Stealth
 - Level 6.0 Evocations


You had 16 spell levels left.
You didn't know any spells.
Your spell library was empty.

Dungeon Overview and Level Annotations

Branches:
Dungeon (15/15)            Temple (1/1) D:6            Lair (5/5) D:11
  Swamp (0/4) Lair:3        Snake (0/4) Lair:3        Slime (0/5) Lair:5
    Orc (2/2) D:9             Elf (0/3) Orc:2        Vaults (0/5) D:14
 Depths (0/4) D:15        Ossuary (visited)          Bailey (visited)
  IceCv (visited)

Altars:
Ashenzari
Cheibriados
Dithmenos
Elyvilon
Fedhas
Gozag
Hepliaklqana
Kikubaaqudgha
Makhleb
Nemelex Xobeh
Okawaru
Qazlal
Ru
Sif Muna
Trog
Uskayaw
Vehumet
Wu Jian
Xom
Yredelemnul
Zin
The Shining One

Shops:
D:8 =   Orc:1 [

Portals:
Trove: D:14 (give 4 potions of resistance)

Annotations:
D:5 3 runed translucent doors, Zigma's ghost, novice OpSh


Innate Abilities, Weirdness & Mutations

Your flesh is cold resistant. (rC+)
Your flesh is heat resistant. (rF+)
You can wield a second weapon in your off-hand.
It takes a long time for you to wield or remove held weapons.
Your first few attacks do less damage.
Your grasper-arms cannot wear rings.


Message History

Your skin stops crawling.
You feel less strong-willed.
The ogre mage gestures wildly while chanting.
The ogre mage flickers and vanishes!
Deactivating autopickup; reactivate with Ctrl-A.
The orc hits you but does no damage.
The orc high priest utters an invocation to Beogh.
The ogre mage casts a spell at you.
You suddenly lose the ability to move!
The warg bites you!
* * * LOW HITPOINT WARNING * * *
The orc hits you but does no damage.
The ogre mage hits you but does no damage.
The orc hits you with a +0 whip.
* * * LOW HITPOINT WARNING * * *
The orc hits you but does no damage. The orc barely misses you.
The ogre mage hits you from afar with a +0 halberd!
* * * LOW HITPOINT WARNING * * *
The orc completely misses you. The orc hits you with a +0 flail.
* * * LOW HITPOINT WARNING * * *
The two-headed ogre hits you with a +0 giant club!!
* * * LOW HITPOINT WARNING * * *
The two-headed ogre hits you with a +0 giant club!!
* * * LOW HITPOINT WARNING * * *
The orc hits you but does no damage. The orc hits you but does no damage. x2
The ogre mage hits you from afar with a +0 halberd.
* * * LOW HITPOINT WARNING * * *
The orc hits you but does no damage.
You are no longer berserk.
You feel yourself slow down. The orc barely misses you.
The orc hits you but does no damage. x2; The warg bites you but does no damage.
The two-headed ogre hits you with a +0 giant club!
* * * LOW HITPOINT WARNING * * *
The two-headed ogre hits you with a +0 giant club!
* * * LOW HITPOINT WARNING * * *
The ogre mage casts a spell at you.
The bolt of magma hits the orc!!
The orc dies!
The bolt of magma hits you! You partially resist.
You die...

.......)..).......#
.......).†........#.
.#.......#....##....
......).))))).......
.........)†)).......
###..#######)###.##
#.. #.# # #.
#######O###.###
......o@ho.....
###.###)o......
#oOo..... #3.ß...ß.
#........ #.###'###
..# .. #.# ..


You could see a soul eater (summoned), an orc high priest, a two-headed ogre, an
ogre mage, a warg and 4 orcs.

Vanquished Creatures
  2 frost giants
  2 orc warlords
  A stone giant (D:15)
  An eleionoma (Lair:3)
  2 dire elephants (Lair:5)
  An ettin (D:14)
  Josephine (D:12)
  Snorg (D:13)
  Fannar (Lair:2)
  An ogre mage (Orc:2)
  10 centaur warriors
  3 catoblepae
  4 hydras
  11 boulder beetles
  6 two-headed ogres
  6 tengu warriors
  19 death yaks
  Nergalle (Lair:3)
  Sonja (Lair:4)
  2 skysharks
  A fire crab (Lair:4)
  A spectral death yak (Lair:5)
  A spectral anaconda (Lair:5)
  2 arcanists
  An obsidian statue (Lair:5)
  Pikel (D:3)
  4 deep elf pyromancers
  A lindwurm (Lair:5)
  An orc knight (D:15)
  4 necromancers (Lair:5)
  4 orc sorcerers
  18 ugly things
  A salamander (Lair:3)
  9 cyclopes
  4 manticores
  3 meliai (D:13)
  10 elephants
  5 black mambas
  An ice statue (IceCv)
  A dire elephant skeleton (Lair:5)
  14 cane toads
  11 rime drakes
  A kobold demonologist (D:12)
  An unseen horror (shapeshifter) (D:13)
  8 komodo dragons
  2 tengu conjurers
  2 efreet (D:13)
  4 trolls
  Prince Ribbit (Lair:3)
  2 hornets (D:7)
  27 blink frogs
  6 polar bears
  5 dream sheep (Lair:4)
  Sigmund (D:6)
  4 wyverns
  4 slime creatures (D:13)
  A centaur simulacrum (D:14)
  44 yaks
  A human (D:10)
  8 basilisks
  6 wraiths
  2 steam dragons (D:8)
  Eustachio (D:4)
  A death yak simulacrum (Lair:5)
  2 hogs (D:10)
  13 wargs
  4 vampire mosquitoes
  2 acid dragons
  2 nagas (Lair:3)
  2 spectral cane toads (Lair:5)
  11 water moccasins
  24 orc warriors
  An elephant zombie (Lair:5)
  2 sky beasts (D:7)
  4 ice beasts
  3 black bears
  3 laughing skulls
  13 wolves
  8 ogres
  29 centaurs
  A lemure (D:3)
  2 phantoms
  6 bullfrogs
  3 kobold brigands
  2 gnoll sergeants
  A cane toad simulacrum (Lair:5)
  5 wights (D:6)
  6 killer bees
  3 elephant simulacra (Lair:5)
  3 howler monkeys (D:13)
  2 electric eels (Lair:3)
  A bombardier beetle (D:4)
  2 lava snakes (Lair:3)
  4 hounds
  12 orc priests
  2 iguanas (D:5)
  A sleepcap (D:5)
  23 orc wizards
  4 hell rats (Lair:3)
  8 mummies (Ossuary)
  8 adders
  13 gnolls
  2 shadow imps
  2 white imps
  4 ufetubi (D:6)
  2 ribbon worms
  2 dart slugs
  67 orcs
  6 bats
  9 endoplasms
  2 giant cockroaches (D:1)
  10 goblins
  5 hobgoblins
  A quokka (D:5)
  7 ball pythons
  2 frilled lizards
  3 gnoll zombies (Ossuary)
  A hobgoblin zombie (Ossuary)
  27 kobolds
  2 kobold zombies (Ossuary)
  2 orc zombies (Ossuary)
  2 rats
699 creatures vanquished.

Vanquished Creatures (collateral kills)
  A dire elephant (Lair:5)
1 creature vanquished.

Vanquished Creatures (others)
  A cyclops (D:13)
  An orc (Orc:2)
  A goblin (D:8)
3 creatures vanquished.

Grand Total: 703 creatures vanquished

Notes
Turn   | Place    | Note
-------+----------+-------------------------------------------
     0 | D:5      | GordonOverkill the Coglin Delver began the quest for the
                  | Orb.
     0 | D:5      | Reached XP level 1. HP: 18/18 MP: 1/1
     1 | D:6      | Noticed a phantom
    43 | D:5      | Noticed an iguana
    46 | D:5      | Noticed an ogre
    61 | D:5      | Noticed an ogre
    79 | D:5      | Killed an ogre
    80 | D:5      | Reached skill level 3 in Axes
    80 | D:5      | Reached XP level 2. HP: 24/24 MP: 2/2
    80 | D:5      | Reached XP level 3. HP: 29/29 MP: 3/3
    80 | D:5      | Reached XP level 4. HP: 35/35 MP: 4/4
   138 | D:5      | Noticed a black bear
   142 | D:5      | Killed a black bear
   143 | D:5      | Reached skill level 5 in Axes
   143 | D:5      | Reached XP level 5. HP: 29/41 MP: 5/5
   339 | D:5      | Found a runed translucent gate.
   339 | D:5      | Found a runed translucent gate.
   339 | D:5      | Found a runed translucent gate.
   341 | D:5      | Noticed Zigma's ghost (novice OpSh)
   361 | D:5      | Killed an ogre
   362 | D:5      | Reached skill level 6 in Axes
   362 | D:5      | Reached XP level 6. HP: 47/47 MP: 6/6
   559 | D:4      | Noticed Pikel
   559 | D:4      | Noticed Eustachio
   911 | D:4      | Found a broken altar of Ashenzari.
  1271 | D:3      | Found a sacrificial altar of Ru.
  1755 | D:3      | Killed Pikel
  1756 | D:3      | Reached skill level 8 in Axes
  1756 | D:3      | Reached XP level 7. HP: 26/52 MP: 7/7
  1756 | D:3      | Reached XP level 8. HP: 29/58 MP: 8/8
  1883 | D:4      | Killed Eustachio
  1884 | D:4      | Reached skill level 9 in Axes
  2562 | D:5      | Noticed a two-headed ogre
  2582 | D:5      | Killed a two-headed ogre
  2583 | D:5      | Reached skill level 10 in Axes
  2583 | D:5      | Reached skill level 5 in Fighting
  2583 | D:5      | Reached XP level 9. HP: 34/69 MP: 9/9
  2834 | D:5      | Found a shimmering blue altar of Sif Muna.
  3305 | D:6      | Found a staircase to the Ecumenical Temple.
  3401 | Temple   | Entered the Ecumenical Temple
  3427 | Temple   | Became a worshipper of Trog the Wrathful
  3461 | D:6      | Noticed Sigmund
  3469 | D:6      | Killed Sigmund
  3590 | D:2      | Found a faded altar of an unknown god.
  4497 | D:1      | Reached * piety under Trog
  4761 | D:6      | Reached skill level 11 in Axes
  5077 | D:6      | Identified the +0 robe "Etryij" {Int+2 Archmagi}
  5418 | D:6      | Found a shimmering altar of Xom.
  5475 | D:6      | Reached skill level 12 in Axes
  5852 | D:7      | Noticed a hornet
  5859 | D:7      | Killed a hornet
  5860 | D:7      | Reached XP level 10. HP: 58/76 MP: 10/10
  5871 | D:7      | Reached skill level 13 in Axes
  5975 | D:7      | Found a sand-covered staircase.
  5984 | Ossuary  | Entered an ossuary
  6091 | Ossuary  | Reached ** piety under Trog
  6935 | D:7      | Found a sparkling altar of Nemelex Xobeh.
  7233 | D:7      | Reached skill level 14 in Axes
  7443 | D:8      | Reached skill level 1 in Armour
  7496 | D:8      | Found a flagged portal.
  7523 | Bailey   | Entered a bailey
  7595 | Bailey   | Noticed an orc warlord
  7698 | Bailey   | Reached *** piety under Trog
  7718 | Bailey   | Found a runed translucent gate.
  7734 | Bailey   | Found a runed translucent gate.
  7735 | Bailey   | Found a runed translucent gate.
  7935 | Bailey   | Killed an orc warlord
  7936 | Bailey   | Reached skill level 5 in Armour
  7936 | Bailey   | Reached XP level 11. HP: 65/81 MP: 11/11
  8058 | Bailey   | Acquired a manual of Throwing
  8232 | D:8      | Found Jerewek's Jewellery Shoppe.
  8397 | D:8      | Reached skill level 1 in Throwing
  8472 | D:8      | Found a blossoming altar of Fedhas.
  9271 | D:9      | Reached skill level 5 in Throwing
  9285 | D:9      | Reached **** piety under Trog
  9759 | D:9      | Found a staircase to the Orcish Mines.
  9952 | D:10     | Entered Level 10 of the Dungeon
 10014 | D:10     | Noticed a cyclops
 10021 | D:10     | Killed a cyclops
 10118 | D:10     | Noticed a deep elf pyromancer
 10127 | D:10     | Killed a deep elf pyromancer
 10506 | D:10     | Identified the +6 flail "Wesur" {flame, rElec rC+++ Dex+3}
 10530 | D:10     | Reached skill level 10 in Throwing
 10929 | D:10     | Identified the +4 mace "Ideucea" {holy, Dex+4}
 11071 | D:10     | Found an iron altar of Okawaru.
 11075 | D:10     | Found a radiant altar of Vehumet.
 11076 | D:10     | Found a white marble altar of Elyvilon.
 11077 | D:10     | Found a burning altar of Makhleb.
 11124 | D:11     | Noticed a cyclops
 11128 | D:11     | Noticed a centaur warrior
 11133 | D:11     | Killed a cyclops
 11133 | D:11     | Noticed a cyan ugly thing
 11136 | D:11     | Killed a centaur warrior
 11137 | D:11     | Reached XP level 12. HP: 88/88 MP: 12/12
 11261 | D:11     | Gained mutation: Your flesh is cold resistant. (rC+)
                  | [Coglin growth]
 11261 | D:11     | Gained mutation: Your flesh is heat resistant. (rF+)
                  | [Coglin growth]
 11261 | D:11     | Reached XP level 13. HP: 93/93 MP: 13/13
 11900 | D:11     | Found a staircase to the Lair.
 11930 | D:11     | Reached skill level 15 in Axes
 12410 | D:12     | Noticed Josephine
 12420 | D:12     | Killed Josephine
 12597 | D:12     | Reached ***** piety under Trog
 12910 | D:12     | Reached skill level 16 in Axes
 13752 | Lair:1   | Entered Level 1 of the Lair of Beasts
 14514 | Lair:1   | Reached skill level 17 in Axes
 14831 | Lair:2   | Found a frozen archway.
 14837 | Lair:2   | Noticed Fannar
 14854 | Lair:2   | Killed Fannar
 14855 | Lair:2   | Reached XP level 14. HP: 20/100 MP: 14/14
 15096 | IceCv    | Entered an ice cave
 15616 | IceCv    | Reached skill level 18 in Axes
 16203 | IceCv    | Noticed a frost giant
 16216 | IceCv    | Killed a frost giant
 16220 | IceCv    | Received a gift from Trog
 16590 | Lair:2   | Reached skill level 19 in Axes
 17279 | Lair:3   | Noticed Nergalle
 17287 | Lair:3   | Killed Nergalle
 17490 | Lair:3   | Found a staircase to the Swamp.
 17490 | Lair:3   | Noticed an eleionoma
 17701 | Lair:3   | Killed an eleionoma
 17714 | Lair:3   | Noticed Prince Ribbit
 17742 | Lair:3   | Killed Prince Ribbit
 18131 | Lair:3   | Found a staircase to the Snake Pit.
 19027 | Lair:4   | Reached skill level 20 in Axes
 19163 | Lair:4   | Received a gift from Trog
 19164 | Lair:4   | Reached XP level 15. HP: 41/108 MP: 15/15
 20356 | Lair:4   | Noticed Sonja
 20361 | Lair:4   | Killed Sonja
 20848 | Lair:4   | Reached skill level 10 in Fighting
 21211 | Lair:5   | Entered Level 5 of the Lair of Beasts
 21631 | Lair:5   | Found a staircase to the Slime Pits.
 22619 | Lair:5   | Identified the +1 rapier "Xiobbel" {drain, *Corrode rC+ rN+
                  | Int+2}
 23631 | Lair:5   | Reached skill level 10 in Armour
 23955 | D:13     | Noticed Snorg
 23963 | D:13     | Killed Snorg
 23964 | D:13     | Reached skill level 5 in Evocations
 23964 | D:13     | Reached XP level 16. HP: 122/122 MP: 16/16
 24631 | D:13     | Found a runed translucent door.
 24708 | D:13     | Identified the staff "Juamp" {Fly rN+ Int+7 Necro}
 24842 | D:13     | Reached skill level 5 in Dodging
 25079 | D:14     | Received a gift from Trog
 26187 | D:14     | Found a gate to the Vaults.
 26339 | D:14     | Found a portal to a secret trove of treasure.
 26667 | D:15     | Entered Level 15 of the Dungeon
 27264 | D:15     | Found a staircase to the Depths.
 27777 | Orc:1    | Entered Level 1 of the Orcish Mines
 28018 | Orc:1    | Found Qopor's Armour Emporium.
 28024 | Orc:1    | Bought +2 storm dragon scales for 1656 gold pieces
 28329 | Orc:2    | Entered Level 2 of the Orcish Mines
 28331 | Orc:2    | Found a staircase to the Elven Halls.
 28604 | Orc:2    | Identified the +1 hand axe of Mourning {flame, rElec rCorr}
                  | (Trog gifted it to you on level 2 of the Orcish Mines)
 28604 | Orc:2    | Received a gift from Trog
 28637 | Orc:2    | Reached XP level 17. HP: 121/138 MP: 12/17
 28645 | Orc:2    | Paralysed by an ogre mage for 5 turns
 28650 | Orc:2    | HP: 5/138 [two-headed ogre/+0 giant club (14)]
 28650 | Orc:2    | Killed from afar by an ogre mage

Illustrated notes

Levels and vault maps discovered:
D:1:      wander_arrival_lonely_grave, layout_basic, minivault_23
D:2:      layout_rooms, ebering_ecumenical_altar_mist
D:3:      layout_basic, hangedman_ru_absence, serial_rivers,
          chequers_serial_rivers_micro_c, chequers_serial_rivers_small_b,
          chequers_serial_rivers_marsh, chequers_serial_rivers_micro_c,
          chequers_serial_rivers_micro_d, chequers_serial_rivers_room_b
D:4:      layout_gridville, mainiacjoe_overflow_tiny_flanked, uniq_eustachio,
          uniq_pikel
D:5:      layout_loops_ring, nicolae_sif_muna_condensation,
          gammafunk_ghost_nasty_kobolds
D:6:      layout_basic, mainiacjoe_overflow_concentric_impassable,
          minmay_temple_entry_trees, uniq_sigmund
D:7:      layout_loops_corners, nemelex_xobeh_ov_fountains_minmay,
          chequers_ossuary_entry_cave, minmay_alternating_orb
D:8:      layout_cave_pools, mainiacjoe_overflow_alcove_2, serial_shops, shop,
          enter_bailey_5, nicolae_twisty_statue_hallways
D:9:      layout_cave_pools, david_orc_1_choice
D:10:     layout_roguey, mainiacjoe_overflow_alcove_3,
          small_chamber_with_monster, roderic_serpentine_path, grunt_livestock
D:11:     layout_rooms, erik_lair_orcish_takeover, serial_curves,
          eino_curves_01, eino_curves_03
D:12:     layout_irregular_city, uniq_josephine
D:13:     layout_irregular_city, lightli_airlock, uniq_snorg
D:14:     layout_loops_corners, david_vaults_4, nicolae_trove_entry_free_sample,
          minmay_fractal_squares_gapless_5
D:15:     grunt_enter_depths_snipers, layout_rooms
Temple:   chequers_temple_sunken
Lair:1:   layout_chaotic_city, grunt_megastairs_5
Lair:2:   layout_regular_city, portal_ice_cave_entry_pillars_1,
          grunt_forest_stairs_basic, beast_lair_carwin_3, uniq_fannar
Lair:3:   layout_chaotic_city, alex1729_swamp_entry_worm_eleionoma,
          alex1729_snake_entry_snake, nicolae_lair_liquid_snakes,
          uniq_prince_ribbit2, uniq_nergalle
Lair:4:   nzn_motion_control, layout_cave_pods, grunt_megastairs_4, uniq_sonja
Lair:5:   due_jungle_book, layout_loops_ring, slime_entry_1, st_stairs_9,
          fungi_pond_lemuel
Orc:1:    layout_diamond_mine, serial_shops, shop
Orc:2:    st_orc_town, layout_caves, nicolae_orc_pool_cavern

Skill      XL: |  1  2  3  4  5  6  7  8  9 10 11 12 13 14 15 16 |
---------------+-------------------------------------------------+-----
Evocations     | 3 5 6 |  6.0
Axes           | 3 5 6 8 10 12 14 17 20 | 20.0
Fighting       | 5 6 7 10 13 | 13.8
Armour         | 5 6 10 | 10.0
Throwing       | 11 14 | 14.0
Dodging        | 6 |  6.0
Stealth        | |  4.1

Action                     |  1- 3 |  4- 6 |  7- 9 | 10-12 | 13-15 | 16-18 || total
---------------------------+-------+-------+-------+-------+-------+-------++-------
  Melee: Rapier            |     1 |     8 |       |       |       |       ||     9
         Hand axe          |       |   188 |   298 |       |       |       ||   486
         Mace              |       |     4 |       |       |       |       ||     4
         War axe           |       |       |    68 |   366 |   219 |       ||   653
         Broad axe         |       |       |       |   120 |   847 |   501 ||  1468
  Throw: Boomerang         |       |       |     6 |     1 |    60 |       ||    67
 Invoke: Berserk           |       |       |     4 |     5 |    24 |    10 ||    43
         Trog's Hand       |       |       |       |       |     3 |     2 ||     5
         Brothers in Arms  |       |       |       |       |     1 |       ||     1
  Evoke: Wand              |     2 |     5 |     5 |       |     6 |       ||    18
    Use: Scroll            |       |     1 |    10 |    20 |     7 |       ||    38
         Potion            |       |       |     1 |     1 |     4 |       ||     6
   Stab: Sleeping          |       |     2 |       |       |     1 |       ||     3
         Distracted        |       |       |       |       |     1 |       ||     1
 Armour: Leather armour    |       |    12 |       |       |       |       ||    12
         Chain mail        |       |    72 |   127 |       |       |       ||   199
         Plate armour      |       |       |    58 |    28 |       |    59 ||   145
         Scale mail        |       |       |       |   179 |   523 |   235 ||   937
         Skin              |       |       |       |     3 |       |       ||     3
         Storm dragon scal |       |       |       |       |       |     1 ||     1
  Dodge: Dodged            |       |    46 |    41 |   101 |   244 |   166 ||   598
         Repelled          |       |       |     2 |     1 |     4 |     1 ||     8

Table legend: (Time is in decaauts)
 A = Elapsed time spent in this place.
 B = Non-inter-level travel time spent in this place.
 C = Inter-level travel time spent in this place.
 D = Time resting spent in this place.
 E = Time spent auto-exploring this place.
 F = Levels seen in this place.
 G = Mean time per level.
                   A        B        C        D        E       F      G
               +--------+--------+--------+--------+--------+-----+--------+
         Total |  28749 |  27329 |   1420 |   9190 |  13359 |  26 | 1105.7 |
       Dungeon |  16823 |  15736 |   1087 |   4898 |   7823 |  15 | 1121.5 |
        Temple |     59 |     34 |     25 |      0 |      0 |   1 |   59.0 |
          Lair |   8684 |   8469 |    215 |   3207 |   4263 |   5 | 1736.8 |
  Orcish Mines |    852 |    761 |     91 |     21 |    537 |   2 |  426.0 |
       Ossuary |    343 |    343 |      0 |     87 |    161 |   1 |  343.0 |
        Bailey |    562 |    562 |      0 |    204 |    177 |   1 |  562.0 |
      Ice Cave |   1424 |   1424 |      0 |    770 |    397 |   1 | 1424.0 |
               +--------+--------+--------+--------+--------+-----+--------+

Top non-repeatable levels by time:
  Lair:5: 2562 daAuts
  Lair:3: 2101 daAuts
  Lair:4: 1879 daAuts
    D:14: 1875 daAuts
    D:12: 1455 daAuts
   IceCv: 1424 daAuts
     D:9: 1400 daAuts
     D:7: 1367 daAuts
     D:5: 1300 daAuts
    D:11: 1300 daAuts
    D:10: 1168 daAuts
     D:6: 1135 daAuts
  Lair:2: 1078 daAuts
     D:3: 1071 daAuts
    D:13: 1069 daAuts
